 Dungeon Crawl Stone Soup version 0.29-a0-830-gcb1280458a (webtiles) character file.

Game seed: 11469275324606300039

5 jlumianski the Trooper (level 1, 0/18 HPs)
             Began as a Demonspawn Fighter on July 11, 2022.
             Slain by a scorpion (4 damage)
             ... on level 3 of the Dungeon.
             The game lasted 00:01:14 (247 turns).

jlumianski the Trooper (Demonspawn Fighter)          Turns: 247, Time: 00:01:15

Health: 0/18       AC:  6    Str: 16    XL:     1   Next: 66%
Magic:  1/1        EV:  8    Int:  9    God:
Gold:   13         SH:  4    Dex: 12    Spells: 0/0 levels left

rFire   . . .      SeeInvis .   a - +0 war axe
rCold   . . .      Faith    .   c - +0 buckler
rNeg    . . .      Spirit   .   b - +0 scale mail
rPois   .          Reflect  .   (no helmet)
rElec   .          Harm     .   (no cloak)
rCorr   .          Rampage  .   (no gloves)
Will    .....                   (no boots)
Stlth   ..........              (no amulet)
HPRegen 0.06/turn               (no ring)
MPRegen 0.07/turn               (no ring)

@: mighty, brilliant
A: no striking features
a: no special abilities


You were on level 3 of the Dungeon.
You visited 1 branch of the dungeon, and saw 3 of its levels.

You collected 13 gold pieces.

Inventory:

Hand Weapons
 a - a +0 war axe (weapon)
Armour
 b - a +0 scale mail (worn)
 c - a +0 buckler (worn)


   Skills:
 + Level 3.0 Fighting
 + Level 1.8 Axes
 + Level 2.8 Armour
 + Level 2.8 Shields


You couldn't memorise any spells.
You didn't know any spells.
Your spell library was empty.

Dungeon Overview and Level Annotations

Branches:
Dungeon (3/15)

Altars:

Annotations:
D:3 1 runed translucent door, Crazy Yiuf


Message History

The jackal bites you but does no damage.
The gnoll hits you from afar with a +0 spear.
You closely miss the jackal. The jackal barely misses you.
The jackal bites you but does no damage.
The gnoll hits you from afar with a +0 spear.
The jackal barely misses you.
You hit the jackal.
The jackal is lightly wounded.
The gnoll hits you from afar with a +0 spear.
The jackal bites you.
* * * LOW HITPOINT WARNING * * *
You block the gnoll's attack.
The jackal bites you but does no damage.
The jackal attacks as you move away! You block the jackal's attack.
The jackal attacks as you move away!
The jackal bites you but does no damage.
You block the jackal's attack. The jackal attacks as you move away!
The jackal bites you but does no damage.
The jackal completely misses you. The bat closely misses you.
You block the bat's attack. The bat barely misses you.
The bat completely misses you. The bat hits you.
* * * LOW HITPOINT WARNING * * *
A scorpion comes into view.
The bat barely misses you. The bat barely misses you.
You aren't carrying any scrolls.
It was a potion of brilliance.
You feel clever all of a sudden. The bat barely misses you.
You block the jackal's attack.
You feel very mighty all of a sudden. You block the bat's attack.
The jackal bites you but does no damage.
The gnoll closely misses you. The bat hits you but does no damage.
The jackal bites you but does no damage.
The scorpion closely misses you. The scorpion attacks as you move away!
The scorpion stings you.
You die...

# # ##############
#............#
#.####.##.##.######
#.# #.##.##.##...##
#.####.##..........##
.....#.#####........##
#.##.#.#####....@hg..#
#.##.#........b.s....#
.......##..........#.#
...#.#.##.....#...##.#
...# #
.......######g##
.......##.....# #...#
..#.## #>....# #...#
..#.# ###### #...#
..... ##.##


You could see a scorpion, a gnoll, a jackal and a bat.

Vanquished Creatures
  An orc (D:3)
  A hobgoblin (D:3)
  A jackal (D:3)
  A frilled lizard (D:3)
4 creatures vanquished.

Vanquished Creatures (others)
  4 fungi (D:3)
4 creatures vanquished.

Grand Total: 8 creatures vanquished

Notes
Turn   | Place    | Note
-------+----------+-------------------------------------------
     0 | D:1      | jlumianski the Demonspawn Fighter began the quest for the
                  | Orb.
     0 | D:1      | Reached XP level 1. HP: 18/18 MP: 1/1
   111 | D:3      | Found a runed translucent door.
   112 | D:3      | Noticed Crazy Yiuf
   242 | D:3      | Noticed a scorpion
   247 | D:3      | Slain by a scorpion

Illustrated notes

Levels and vault maps discovered:
D:1:      lemuel_arrival_river_ford, layout_rooms, serial_shops, shop_fountains,
          nicolae_shop_advertising_works [nicolae_subvault_shop_adworks], shop
D:2:      minmay_evil_eye, layout_rooms
D:3:      lemuel_castle_with_subvaults [lemuel_castle_interior_carwin_2],
          layout_loops_cross, kennysheep_generic_room_3, uniq_robin,
          uniq_crazy_yiuf_cottage, uniq_sigmund

Action                   || total
-------------------------++-------
Melee: War axe           ||    23
  Use: Potion            ||     2
Armor: Scale mail        ||    27
Dodge: Dodged            ||    16
Block: Buckler           ||     9

Table legend: (Time is in decaauts)
 A = Elapsed time spent in this place.
 B = Non-inter-level travel time spent in this place.
 C = Inter-level travel time spent in this place.
 D = Time resting spent in this place.
 E = Time spent auto-exploring this place.
 F = Levels seen in this place.
 G = Mean time per level.
                   A        B        C        D        E       F      G
               +--------+--------+--------+--------+--------+-----+--------+
         Total |    256 |    256 |      0 |      0 |    104 |   3 |   85.3 |
       Dungeon |    256 |    256 |      0 |      0 |    104 |   3 |   85.3 |
               +--------+--------+--------+--------+--------+-----+--------+

Top non-repeatable levels by time:
     D:3: 236 daAuts
     D:2: 11 daAuts
     D:1: 9 daAuts
